 Dungeon Crawl Stone Soup version 0.31-a0-799-g6bc09d010c (webtiles) character file.

Game seed: 3168715255511706860

27118 Newt the Impaler (level 13, 0/92 HPs)
             Began as a Merfolk Gladiator on Sept 19, 2023.
             Was a Priest of Hepliaklqana.
             Slain by a boulder beetle (17 damage)
             ... on level 14 of the Dungeon.
             The game lasted 00:19:13 (17012 turns).

Newt the Impaler (Merfolk Gladiator)               Turns: 17012, Time: 00:19:13

Health: 0/92       AC:  9    Str: 19    XL:     13   Next: 30%
Magic:  13/13      EV: 18    Int:  8    God:    Hepliaklqana [***...]
Gold:   1081       SH:  0    Dex: 15    Spells: 12/12 levels left

rFire   . . .        K - +3 trident (freeze)
rCold   . . .        (no shield)
rNeg    . . .        D - +0 steam dragon scales
rPois   .            r - melded +2 hat
rElec   .            C - melded +0 cloak
rCorr   .            (gloves currently unavailable)
SInv    +            (boots currently unavailable)
Will    .....        (no amulet)
Stlth   +++          f - +4 ring of protection
HPRegen 0.35/turn    P - ring of see invisible
MPRegen 0.13/turn

%: no passive effects
@: beast-form, slowed, very slow
A: beast (slay +4), reduced essence, (nimble swimmer 2), mertail
a: Begin Untransformation, Renounce Religion, Recall Ancestor, Ancestor
Identity, Transference


You were on level 14 of the Dungeon.
You worshipped Hepliaklqana.
Hepliaklqana was most pleased with you.
You were a hulking beast.
You visited 2 branches of the dungeon, and saw 15 of its levels.

You collected 1246 gold pieces.
You spent 165 gold pieces at shops.

Inventory:

Hand Weapons
 H - a +3 spear
 K - a +3 trident of freezing (weapon)
Missiles
 j - 8 javelins
 p - 10 poisoned darts (quivered)
 u - 4 throwing nets
Armour
 r - a +2 hat (melded)
 s - a +0 pair of boots
 C - a +0 cloak (melded)
 D - +0 steam dragon scales (worn)
 S - a +0 kite shield
Jewellery
 c - a +6 ring of intelligence
 e - a +6 ring of strength
 f - a +4 ring of protection (left hand)
 h - a ring of ice
 k - a +5 ring of evasion
 n - a ring of positive energy
 v - a ring of flight
 O - a ring of resist corrosion
 P - a ring of see invisible (right hand)
 W - a ring of willpower
 Z - a +5 ring of evasion
Talismans
 T - a beast talisman (active)
Wands
 a - a wand of mindburst (8)
 b - a wand of flame (11)
 d - a wand of polymorph (23)
 t - a wand of paralysis (7)
 y - a wand of digging (8)
 J - a wand of light (4)
 V - a wand of iceblast (4)
Scrolls
 x - 3 scrolls of teleportation
 G - a scroll of revelation
 X - a scroll of enchant weapon
 Y - 2 scrolls of silence
Potions
 g - a potion of lignification
 m - 2 potions of enlightenment
 q - a potion of magic
 w - 3 potions of resistance
 z - 2 potions of brilliance
 A - a potion of curing
 B - 2 potions of might
 E - a potion of degeneration
 F - a potion of mutation
 I - a potion of invisibility {unknown}


   Skills:
 - Level 10.0 Fighting
 + Level 16.9 Polearms
 - Level 2.0 Throwing
 - Level 4.0 Armour
 - Level 12.0 Dodging
 - Level 5.0 Stealth
 - Level 10.0 Evocations
 - Level 7.0 Shapeshifting


You had 12 spell levels left.
You didn't know any spells.
Your spell library contained the following spells:

 Spells                   Type           Power      Damage    Failure   Level
 Lesser Beckoning         Tloc           0%         N/A       54%         2
 Scorch                   Fire           0%         2d5       54%         2
 Dazzling Flash           Conj/Hex       0%         N/A       78%         3
 Gell's Gravitas          Tloc           0%         N/A       78%         3
 Inner Flame              Hex/Fire       0%         N/A       78%         3
 Teleport Other           Tloc           0%         N/A       78%         3
 Volatile Blastmotes      Fire/Tloc      0%         2d10      78%         3
 Flame Wave               Conj/Fire      0%         2d4       99%         4
 Sticky Flame             Conj/Fire      0%         2d3       99%         4
 Starburst                Conj/Fire      0%         6d3       100%        6
 Summon Cactus Giant      Summ           0%         N/A       100%        6
 Maxwell's Capacitive Co  Air            0%         ∞         100%        8


Dungeon Overview and Level Annotations

Branches:
Dungeon (14/15)            Temple (1/1) D:7            Lair (0/5) D:10
    Orc (0/2) D:10         Vaults (0/5) D:14

Altars:
Ashenzari
Cheibriados
Dithmenos
Elyvilon
Fedhas
Gozag
Hepliaklqana
Kikubaaqudgha
Makhleb
Nemelex Xobeh
Okawaru
Qazlal
Ru
Sif Muna
Trog
Uskayaw
Vehumet
Wu Jian
Xom
Yredelemnul
Zin
The Shining One

Shops:
D:2 =   D:3 [   D:13 *

Annotations:
D:9 1 runed translucent door
D:12 2 transporters, bobo's ghost, journeyman HuHu


Innate Abilities, Weirdness & Mutations

You are a hulking beast.
Your limbs bulge with bestial killing power. (Slay +4)
Your life essence is reduced to manifest your ancestor. (-10% HP)
((You are very nimble when in or above water. (Stealth+, EV+, Speed+++)))
Your lower body shifts to a powerful aquatic tail in water.


Message History

There is an open door here.
The wraith attacks as it pursues you! The wraith hits you.
The wraith drains your vigour!
You feel yourself slow down. The wraith attacks as it pursues you!
The wraith closely misses you.
You hit the wraith. You freeze the wraith. You punch the wraith.
The wraith is moderately damaged.
The wraith hits you! The wraith drains your vigour!
You feel as though you will be slow longer.
You hit the wraith but do no damage.
The wraith is moderately damaged.
The wraith closely misses you.
The tengu warrior hits you from afar with a +0 glaive!!
You barely miss the wraith.
The wraith is moderately damaged.
The wraith hits you but does no damage.
The tengu warrior hits you from afar with a +0 glaive.
You closely miss the wraith.
The wraith is moderately damaged.
The wraith completely misses you.
Tenoch misses the tengu warrior.
The tengu warrior misses you. The wraith attacks as it pursues you!
The wraith barely misses you.
The boulder beetle curls into a ball and begins rolling!
The tengu conjurer gestures wildly while chanting.
The tengu conjurer conjures a globe of magical energy!
The tengu warrior closely misses you. The wraith misses you.
The tengu conjurer casts a spell at you.
The bolt of lightning misses you.
A battlesphere comes into view.
The battlesphere fires!
The barrage of energy hits Tenoch!
The wraith attacks as it pursues you! The wraith hits you!
The tengu warrior closely misses you. The wraith misses you.
The tengu warrior attacks as it pursues you!
The tengu warrior hits you from afar with a +0 glaive.
The wraith closely misses you. The boulder beetle hits you!!
* * * LOW HITPOINT WARNING * * *
The boulder beetle stops rolling and uncurls.
The tengu warrior misses you. The wraith barely misses you.
The wraith attacks as it pursues you! The wraith misses you.
The boulder beetle bites you!
You die...

.................#.......#......#
#.....##.....##.##.....##......#
.#.....##.....##.##.....#...(...#
.#......................#.......#
.#................R.....#.......#
.#...............°......#.......#
.#...............Q.Q....#..###..#
.#.|......).....BW......#... ..#
.###'#######..##h########
...........#..##.#
.####......#.....#
...........#.....#
...........#.....#
...........'.....#
...........#.....#
......(....#..<..# .....#....#
...........#.....# ....#....#


You could see the friendly Tenoch the knight, a boulder beetle, a tengu warrior,
a wraith (ally target) and a tengu conjurer.

Vanquished Creatures
  An ironbound preserver (D:14)
  Nessos (D:14)
  Azrael (D:14)
  An entropy weaver (D:14)
  Harold (D:9)
  Erolcha (D:10)
  7 two-headed ogres
  2 boulder beetles
  Amaemon (D:9)
  Lodul (D:10)
  A wizard (D:14)
  2 ugly things
  2 manticores
  A cyclops (D:12)
  A manticore (shapeshifter) (D:13)
  Joseph (D:7)
  The ghost of Zonian the Covered, a novice AtFi of Yredelemnul (D:6)
  The ghost of Age the Chucker, a novice MiFi (D:5)
  A gargoyle (D:14)
  An orange demon (D:9)
  A kobold demonologist (D:13)
  An unseen horror (D:12)
  Prince Ribbit (D:7)
  2 trolls
  Grinder (D:3)
  A slime creature (D:13)
  10 yaks
  4 wraiths
  A vampire (D:13)
  4 shadows
  4 fire elementals (D:14)
  A basilisk (D:10)
  3 steam dragons
  2 vampire mosquitoes (D:10)
  An acid dragon (D:13)
  2 water moccasins
  3 hell hounds (D:14)
  3 orc warriors
  An ice beast (D:5)
  A sky beast (D:7)
  12 ogres
  6 centaurs
  2 phantoms
  2 kobold brigands
  2 bullfrogs
  2 gnoll sergeants
  5 scorpions
  15 wights
  3 killer bees (D:11)
  3 howler monkeys (D:13)
  An electric eel (D:13)
  3 orc priests
  A hound (D:4)
  4 jellies
  Crazy Yiuf (D:7)
  3 centaur skeletons (D:5)
  A gnoll bouda (D:3)
  5 orc wizards
  A sleepcap (D:5)
  5 iguanas
  5 ogre zombies (D:10)
  A howler monkey zombie (D:5)
  18 gnolls
  5 adders
  A shadow imp (D:8)
  An ufetubus (D:6)
  2 worms
  A dart slug (D:3)
  39 orcs
  8 ball pythons
  12 bats
  7 endoplasms
  3 giant cockroaches
  7 goblins
  10 hobgoblins
  4 jackals
  20 kobolds
  7 quokkas
  7 frilled lizards
  A goblin skeleton (D:10)
  7 goblin zombies (D:10)
  A hobgoblin skeleton (D:10)
  3 hobgoblin zombies (D:10)
  3 orc skeletons (D:10)
  7 orc zombies (D:10)
  7 rats
340 creatures vanquished.

Vanquished Creatures (collateral kills)
  A two-headed ogre (D:11)
  A slime creature (D:13)
  A fire elemental (D:14)
  An acid dragon (D:11)
  A gnoll sergeant (D:11)
  A scorpion (D:12)
  An orc priest (D:10)
  An orc wizard (D:11)
  3 ogre zombies (D:10)
  An orc (D:11)
  2 bats
  2 frilled lizards (D:10)
  A goblin skeleton (D:10)
  A goblin zombie (D:10)
  An orc zombie (D:10)
19 creatures vanquished.

Vanquished Creatures (others)
  2 knights (D:14)
  5 ancestors
7 creatures vanquished.

Grand Total: 366 creatures vanquished

Notes
Turn   | Place    | Note
-------+----------+-------------------------------------------
     0 | D:1      | Newt the Merfolk Gladiator began the quest for the Orb.
     0 | D:1      | Reached XP level 1. HP: 16/16 MP: 1/1
    80 | D:1      | Reached XP level 2. HP: 21/23 MP: 2/2
   564 | D:1      | Reached XP level 3. HP: 30/30 MP: 3/3
  1040 | D:2      | Found a broken altar of Ashenzari.
  1146 | D:2      | Reached XP level 4. HP: 37/37 MP: 4/4
  1188 | D:2      | Found a faded altar of an unknown god.
  1317 | D:2      | Reached skill level 5 in Polearms
  1471 | D:2      | Found Foxo Zya's Jewellery Emporium.
  1766 | D:3      | Found Ymohot Foiq's Antique Armour Shop.
  1790 | D:3      | Noticed Grinder
  1808 | D:3      | Killed Grinder
  1809 | D:3      | Reached skill level 8 in Polearms
  1809 | D:3      | Reached XP level 5. HP: 42/42 MP: 5/5
  1809 | D:3      | Reached XP level 6. HP: 48/48 MP: 6/6
  2497 | D:3      | Found a shadowy altar of Dithmenos.
  2961 | D:4      | Reached skill level 9 in Polearms
  3039 | D:4      | Reached XP level 7. HP: 44/54 MP: 7/7
  3190 | D:4      | Reached skill level 5 in Dodging
  3643 | D:4      | Found a blossoming altar of Fedhas.
  4352 | D:5      | Entered Level 5 of the Dungeon
  4450 | D:5      | Found a burning altar of Makhleb.
  4460 | D:5      | Reached skill level 5 in Fighting
  4460 | D:5      | Reached XP level 8. HP: 44/62 MP: 8/8
  4594 | D:5      | Found a transporter.
  5013 | D:5      | Noticed Age's ghost (novice MiFi)
  5016 | D:5      | Found a transporter.
  5672 | D:6      | Reached skill level 5 in Evocations
  5672 | D:6      | Reached XP level 9. HP: 64/72 MP: 9/9
  5700 | D:6      | Found a runed translucent door.
  5700 | D:6      | Noticed Zonian's ghost (novice AtFi)
  6036 | D:7      | Noticed a two-headed ogre
  6106 | D:7      | Noticed Joseph
  6121 | D:7      | Killed Joseph
  6122 | D:7      | Reached skill level 10 in Polearms
  6196 | D:7      | Reached skill level 11 in Polearms
  6235 | D:7      | Killed a two-headed ogre
  6236 | D:7      | Reached skill level 12 in Polearms
  6259 | D:7      | Identified the +1 hammer "Luutu Etao" {heavy, rF- rC+ rCorr
                  | Str+2}
  6589 | D:7      | Noticed Prince Ribbit
  6611 | D:7      | Killed Prince Ribbit
  6612 | D:7      | Reached skill level 13 in Polearms
  6612 | D:7      | Reached XP level 10. HP: 58/79 MP: 10/10
  6678 | D:7      | Found a runed translucent door.
  6679 | D:7      | Noticed Crazy Yiuf
  6876 | D:7      | Found a staircase to the Ecumenical Temple.
  6961 | Temple   | Entered the Ecumenical Temple
  6982 | Temple   | Became a worshipper of Hepliaklqana the Forgotten
  7036 | D:7      | Killed Crazy Yiuf
  7115 | D:8      | Reached skill level 5 in Stealth
  7160 | D:8      | Reached skill level 1 in Armour
  7407 | D:8      | Found a stormy altar of Qazlal.
  7444 | D:8      | Noticed a two-headed ogre
  7466 | D:8      | Killed a two-headed ogre
  8183 | D:9      | Noticed an orange demon
  8199 | D:9      | Killed an orange demon
  8207 | D:9      | Noticed Amaemon
  8551 | D:9      | Killed Amaemon
  9299 | D:9      | Noticed Harold
  9310 | D:9      | Killed Harold
  9311 | D:9      | Reached XP level 11. HP: 75/90 MP: 11/11
  9463 | D:9      | Found a runed translucent door.
  9464 | D:9      | Noticed a sixfirhy
  9541 | D:9      | Noticed a two-headed ogre
  9553 | D:9      | Reached skill level 10 in Fighting
  9561 | D:9      | Killed a two-headed ogre
  9864 | D:9      | Noticed a two-headed ogre
  9878 | D:9      | Killed a two-headed ogre
  9879 | D:9      | Reached skill level 14 in Polearms
 10263 | D:10     | Entered Level 10 of the Dungeon
 10264 | D:10     | Reached * piety under Hepliaklqana
 10463 | D:6      | Killed Zonian's ghost
 10531 | D:5      | Killed Age's ghost
 10668 | D:10     | Found a staircase to the Orcish Mines.
 10700 | D:10     | Reached skill level 15 in Polearms
 10917 | D:2      | Bought a ring of see invisible for 165 gold pieces
 11224 | D:10     | Found a staircase to the Lair.
 11225 | D:10     | Noticed Erolcha
 11237 | D:10     | Killed Erolcha
 11352 | D:10     | Noticed a cyan ugly thing
 11446 | D:10     | Noticed Lodul
 11470 | D:10     | Killed Lodul
 11471 | D:10     | Reached skill level 10 in Dodging
 11850 | D:10     | Noticed a two-headed ogre
 11864 | D:10     | Killed a two-headed ogre
 11865 | D:10     | Reached XP level 12. HP: 73/87 MP: 12/12
 12515 | D:11     | Reached skill level 1 in Shapeshifting
 12515 | D:11     | Identified the +11 falchion of the Heavens {drain, Will++
                  | Str-3 Dex+3}
 12608 | D:11     | Noticed a two-headed ogre
 12616 | D:11     | Killed a two-headed ogre
 12631 | D:11     | Noticed a two-headed ogre
 12642 | D:11     | Killed a two-headed ogre
 12671 | D:11     | Reached skill level 5 in Shapeshifting
 13534 | D:10     | Identified the +2 glaive of Guomudid {freeze, Will+ Dex+2
                  | Stlth+}
 13618 | D:12     | Reached ** piety under Hepliaklqana
 13619 | D:12     | Remembered your ancestor Tenoch as a knight
 13902 | D:12     | Noticed a two-headed ogre
 13906 | D:12     | Noticed an ettin
 13908 | D:12     | Noticed bobo's ghost (journeyman HuHu)
 13910 | D:12     | Found a bloodstained altar of Trog.
 13925 | D:12     | Found a transporter.
 13982 | D:12     | Found a transporter.
 14188 | D:13     | Noticed a two-headed ogre
 14197 | D:13     | Killed a two-headed ogre
 14489 | D:13     | Noticed a boulder beetle
 14506 | D:13     | Killed a boulder beetle
 14863 | D:13     | Found Sifoxeawk's Blood Bar.
 15589 | D:14     | Noticed Nessos
 15598 | D:14     | Noticed an ironbound preserver
 15599 | D:14     | Killed Nessos
 15611 | D:14     | Killed an ironbound preserver
 15612 | D:14     | Reached skill level 10 in Evocations
 15612 | D:14     | Reached XP level 13. HP: 87/92 MP: 13/13
 15627 | D:14     | Noticed an entropy weaver
 15629 | D:14     | Found a gate to the Vaults.
 15642 | D:14     | Killed an entropy weaver
 15847 | D:14     | Reached *** piety under Hepliaklqana
 15886 | D:14     | Reached skill level 16 in Polearms
 16114 | D:14     | Noticed Azrael
 16143 | D:14     | Killed Azrael
 17012 | D:14     | Slain by a boulder beetle

Illustrated notes

Levels and vault maps discovered:
D:1:      saegor_arrival_simple_b, layout_basic, minmay_box_of_dots
D:2:      layout_loops_cross, basic_altar, shapermc_ecumenical_altar_hornbeckon,
          serial_shops, shop
D:3:      layout_rooms, nicolae_dithmenos_the_darkroom, serial_shops,
          shop_fountains, uniq_grinder
D:4:      layout_layer_cave, fedhas_ov_isle_minmay, minmay_misc_feat_room,
          minmay_misc_feat_pillars
D:5:      layout_loops_ring, lemuel_crystal_altar, gammafunk_ghost_mausoleum
D:6:      layout_loops_ring, gammafunk_ghost_grave,
          ebering_dispersal_statue_hall
D:7:      layout_cave_pools, temple_doors_e, serial_rivers,
          chequers_serial_rivers_room_a, chequers_serial_rivers_room_a,
          chequers_serial_rivers_micro_e, chequers_serial_rivers_large_b,
          chequers_serial_rivers_marsh, chequers_serial_rivers_micro_d,
          hangedman_decor_points, uniq_prince_ribbit1, uniq_crazy_yiuf_cottage,
          uniq_joseph
D:8:      layout_loops_ring, kennysheep_mini_moat, serial_glass,
          glass_columns_a, glass_columns_c, glass_columns_a, glass_columns_a,
          chequers_garden, lightli_orcish_oven
D:9:      cheibrodos_shockbox, layout_long_grid, minmay_misc_feat_encased,
          uniq_harold, uniq_amaemon
D:10:     layout_loops_ring, dpeg_oklobed_lair, zombieorc2_lemuel, minivault_21,
          minmay_lizard_king, uniq_lodul, uniq_erolcha
D:11:     layout_long_grid
D:12:     old_forge, layout_rooms, gammafunk_ghost_wrathful_warriors
D:13:     layout_grid_maze, minmay_misc_feat_five, serial_bayou_lagoon_a,
          guppyfry_shop_blood
D:14:     doesnt_quadruple_sword, layout_stronghold,
          hellmonk_vaults_order_and_chaos, reono_crystal_passage, uniq_azrael,
          uniq_frances, uniq_nessos
Temple:   regret_index_temple_mists

Skill      XL: |  1  2  3  4  5  6  7  8  9 10 11 12 13 |
---------------+----------------------------------------+-----
Fighting       | 3 4 5 7 9 10 | 10.0
Polearms       | 8 9 13 15 16 | 16.9
Dodging        | 7 11 12 | 12.0
Evocations     | 5 6 10 | 10.0
Stealth        | 2 5 |  5.0
Armour         | 4 |  4.0
Shapeshifting  | 7 |  7.0
Throwing       | |  2.0

Action                     |  1- 3 |  4- 6 |  7- 9 | 10-12 | 13-15 || total
---------------------------+-------+-------+-------+-------+-------++-------
  Melee: Trident           |   109 |   205 |   336 |   753 |    79 ||  1482
         Unarmed           |       |     7 |       |       |       ||     7
         Punch             |       |     8 |     4 |     9 |     2 ||    23
         Tailslap          |       |       |     2 |       |       ||     2
  Throw: Throwing net      |       |     3 |     2 |       |       ||     5
         Javelin           |       |     2 |       |       |       ||     2
         Dart              |       |       |     4 |     3 |       ||     7
 Invoke: Recall Ancestor   |       |       |       |     1 |     2 ||     3
         Ancestor Life: Kn |       |       |       |     1 |       ||     1
  Evoke: Wand              |       |       |     2 |    12 |     3 ||    17
    Use: Scroll            |       |     3 |     8 |    12 |     1 ||    24
         Potion            |       |     1 |       |     1 |     1 ||     3
   Stab: Sleeping          |     2 |     2 |     3 |    11 |     1 ||    19
         Held in net/web   |       |       |     3 |     1 |       ||     4
         Paralysed         |       |       |     8 |    12 |       ||    20
         Distracted        |       |       |       |     7 |     1 ||     8
         Invisible         |       |       |       |     4 |       ||     4
 Armour: Leather armour    |    30 |    74 |    80 |    23 |       ||   207
         Skin              |       |     2 |       |       |       ||     2
         Steam dragon scal |       |       |       |   146 |    25 ||   171
  Dodge: Dodged            |    65 |   204 |   215 |   294 |    28 ||   806
   Form: Beast             |       |       |       |     1 |       ||     1

Table legend: (Time is in decaauts)
 A = Elapsed time spent in this place.
 B = Non-inter-level travel time spent in this place.
 C = Inter-level travel time spent in this place.
 D = Time resting spent in this place.
 E = Time spent auto-exploring this place.
 F = Levels seen in this place.
 G = Mean time per level.
                   A        B        C        D        E       F      G
               +--------+--------+--------+--------+--------+-----+--------+
         Total |  16581 |  15396 |   1185 |   4188 |   8848 |  15 | 1105.4 |
       Dungeon |  16549 |  15395 |   1154 |   4188 |   8848 |  14 | 1182.1 |
        Temple |     31 |      1 |     30 |      0 |      0 |   1 |   31.0 |
               +--------+--------+--------+--------+--------+-----+--------+

Top non-repeatable levels by time:
    D:13: 2030 daAuts
     D:4: 1960 daAuts
     D:8: 1706 daAuts
     D:9: 1627 daAuts
    D:10: 1310 daAuts
    D:11: 1186 daAuts
     D:5: 990 daAuts
     D:6: 965 daAuts
     D:7: 950 daAuts
     D:2: 907 daAuts
     D:3: 902 daAuts
    D:14: 792 daAuts
     D:1: 721 daAuts
    D:12: 497 daAuts
  Temple: 31 daAuts
